 Dungeon Crawl Stone Soup version 0.29.1-1-gd02db6906a (webtiles) character file.

Game seed: 39508700034345697

70 Zeld the Shooter (level 4, 45/45 HPs)
             Began as an Ogre Hunter on Oct 19, 2022.
             Quit the game on level 3 of the Dungeon.
             The game lasted 00:03:59 (1806 turns).

Zeld the Shooter (Ogre Hunter)                      Turns: 1806, Time: 00:04:00

Health: 45/45      AC:  3    Str: 15    XL:     4   Next: 21%
Magic:  4/4        EV: 10    Int: 10    God:
Gold:   99         SH:  0    Dex: 14    Spells: 3/3 levels left

rFire   . . .      SeeInvis .   a - +0 shortbow
rCold   . . .      Faith    .   (shield currently unavailable)
rNeg    . . .      Spirit   .   c - +0 robe
rPois   .          Reflect  .   (helmet restricted)
rElec   .          Harm     .   (no cloak)
rCorr   .          Rampage  .   (gloves unavailable)
Will    .....                   (boots unavailable)
Stlth   ++........              (no amulet)
HPRegen 0.15/turn               (no ring)
MPRegen 0.09/turn               (no ring)

@: no status effects
A: large, unfitting armour, tough skin 1
a: no special abilities


You were on level 3 of the Dungeon.
You visited 1 branch of the dungeon, and saw 3 of its levels.

You collected 99 gold pieces.

Inventory:

Hand Weapons
 a - a +0 shortbow (weapon)
Armour
 c - a +0 robe (worn)
Scrolls
 b - 3 scrolls of immolation
 f - a scroll of torment {unknown}
 g - a scroll of teleportation {unknown}
 j - a scroll of brand weapon {unknown}
 l - 3 scrolls of blinking {unknown}
 m - a scroll of identify {unknown}
Potions
 d - a potion of might {unknown}
 e - a potion of degeneration {unknown}
 h - 2 potions of attraction {unknown}
 i - a potion of lignification {unknown}
 k - a potion of flight {unknown}
 n - 2 potions of mutation {unknown}


   Skills:
 + Level 3.4 Fighting
 * Level 3.5 Ranged Weapons
 + Level 2.3 Dodging
 + Level 1.4 Stealth


You had 3 spell levels left.
You didn't know any spells.
Your spell library was empty.

Dungeon Overview and Level Annotations

Branches:
Dungeon (3/15)

Altars:


Innate Abilities, Weirdness & Mutations

You are too large for most types of armour.
You have tough skin. (AC +1)


Message History

A goblin is nearby!
You are too injured to fight recklessly!
You are too injured to fight recklessly!
There is a stone staircase leading up here.
You climb upwards.
There is a stone staircase leading down here.
Saving game... please wait.
Welcome back, Zeld the Ogre Hunter.
Press ? for a list of commands and other information.
Saving game... please wait.
Welcome back, Zeld the Ogre Hunter.
Press ? for a list of commands and other information.
You start resting.
HP restored.
There is an escape hatch in the floor here.
You slide downwards.
The hatch slams shut behind you.
Found a club.
Search for what [? for help]?
Okay, then.
Found a flail.
Search for what [? for help]? armor You see here a +0 flail.
You see here a +0 club.
A goblin is nearby!
A goblin is nearby!
You shoot an arrow. The arrow barely misses the goblin.
The goblin shouts!
You shoot an arrow. The arrow closely misses the goblin.
The goblin throws a boomerang.
The boomerang hits you.
You shoot an arrow. The arrow hits the goblin.
You kill the goblin!
No target in view!
No target in view!
HP restored.
Found a chain mail.
Found 3 poisoned darts.
You see here a +0 chain mail.
You see here 3 poisoned darts.
A hound comes into view.
Are you sure you want to abandon this character and quit the game? (Confirm with "yes".)

# #.#.# #.#
#.# ##
#.#.###.# #.#
.# #.#..##.#
#.# .##
#.##.##.# #.#
.8#####8.8#.#
#[#
...###...####
#(#
#.......##
#.# ##..>..##
#.# .##8.8##
#@# #######
#.......#
####.h.## .##
#


You could see a hound (asleep).

Vanquished Creatures
  2 adders
  2 worms
  A dart slug (D:2)
  3 ball pythons (D:1)
  3 endoplasms
  A giant cockroach (D:1)
  9 goblins
  3 hobgoblins (D:1)
  2 jackals (D:2)
  5 kobolds
  4 bats
  3 frilled lizards
  4 rats
42 creatures vanquished.

Vanquished Creatures (others)
  A plant (D:1)
1 creature vanquished.

Grand Total: 43 creatures vanquished

Notes
Turn   | Place    | Note
-------+----------+-------------------------------------------
     0 | D:1      | Zeld the Ogre Hunter began the quest for the Orb.
     0 | D:1      | Reached XP level 1. HP: 22/22 MP: 1/1
    63 | D:1      | Reached XP level 2. HP: 29/29 MP: 2/2
   113 | D:1      | Reached skill level 1 in Stealth
   594 | D:1      | Reached XP level 3. HP: 37/37 MP: 3/3
   609 | D:1      | Found a faded altar of an unknown god.
  1473 | D:3      | Reached XP level 4. HP: 45/45 MP: 4/4
  1806 | D:3      | Quit the game

Illustrated notes

Levels and vault maps discovered:
D:1:      minmay_arrival_checkered_box, layout_loops_ring,
          shapermc_ecumenical_altar_mp_urbaneastern, minmay_hexomino_u4
D:2:      layout_loops_ring
D:3:      layout_loops_ring, grunt_ministairs_8, minivault_5, uniq_robin,
          uniq_jessica

Skill      XL: |  1  2 |
---------------+-------+-----
Ranged Weapons | 3 |  3.5
Fighting       | 3 |  3.4
Stealth        | 1 |  1.4
Dodging        | 2 |  2.3

Action                   |  1- 3 |  4- 6 || total
-------------------------+-------+-------++-------
 Fire: Shortbow          |   107 |    26 ||   133
Armor: Robe              |    20 |     3 ||    23
Dodge: Dodged            |    30 |     5 ||    35
